 Dungeon Crawl Stone Soup version 0.25-a0-566-g062765be81 (webtiles) character file.

Game seed: 928984466618061844, levelgen mode: deterministic

162 MisterFreud the Conjurer (level 5, -3/42 HPs)
             Began as a Naga Fire Elementalist on Feb 27, 2020.
             Slain by an adder (4 damage)
             ... on level 3 of the Dungeon.
             The game lasted 00:09:36 (3010 turns).

MisterFreud the Conjurer (Naga Fire Elementalist)   Turns: 3010, Time: 00:09:37

Health: -3/42      AC:  3    Str: 10    XL:     5   Next: 43%
Magic:  5/9        EV: 10    Int: 18    God:
Gold:   130        SH:  0    Dex: 12    Spells: 1/9 levels left

rFire    . . .     SeeInvis +   a - +0 dagger (elec)
rCold    . . .     Gourm    .   (no shield)
rNeg     . . .     Faith    .   e - +1 robe
rPois    +         Spirit   .   (no helmet)
rElec    .         Reflect  .   (no cloak)
rCorr    .         Harm     .   (no gloves)
MR       .....                  (no barding)
Stlth    ++........             (no amulet)
HPRegen  0.14/turn              i - +2 ring of intelligence
MPRegen  0.11/turn              (no ring)

@: lethally poisoned (-3 -> -8), hasted, quick
A: large, see invisible, deformed body, poison resistance, slowness 2, slow
metabolism 1, spit poison 1, AC +1
a: Spit Poison


You were on level 3 of the Dungeon.
You were hungry.

You visited 1 branch of the dungeon, and saw 3 of its levels.

You collected 130 gold pieces.

Inventory:

Hand Weapons
 a - a +0 dagger of electrocution (weapon)
 b - a +1 hunting sling of freezing
Missiles
 n - 51 stones (quivered)
 o - 22 arrows
 p - 6 poisoned darts
 s - 5 javelins
Armour
 e - a +1 robe (worn)
Jewellery
 i - a +2 ring of intelligence (left hand)
Scrolls
 m - 2 scrolls of enchant weapon
Potions
 f - a potion of lignification
 g - 2 potions of flight
Comestibles
 c - 6 rations
 d - 4 chunks of flesh


   Skills:
 - Level 1.5 Dodging
 - Level 3.0 Stealth
 + Level 2.9 Spellcasting
 + Level 3.8 Conjurations
 + Level 3.8 Fire Magic


You had one spell level left.
You knew the following spells:

 Your Spells              Type           Power        Failure   Level  Hunger
a - Foxfire               Conj/Fire      ###.         3%          1    None
b - Conjure Flame         Conj/Fire      ###.....     11%         3    ###....
c - Sticky Flame          Conj/Fire      ###.....     34%         4    ####...

Your spell library contained the following spells:

 Spells                   Type           Power        Failure   Level  Hunger
 Inner Flame              Hex/Fire       #.......     22%         3    ###....
 Fireball                 Conj/Fire      ###.......   67%         5    ######.


Dungeon Overview and Level Annotations

Branches:
Dungeon (3/15)

Altars:


Innate Abilities, Weirdness & Mutations

You cannot wear boots.
Your serpentine skin is tough. (AC +1)
You have supernaturally acute eyesight. (SInv)
Armour fits poorly on your strangely shaped body.
Your system is resistant to poisons. (rPois)
You cover ground very slowly.
You have a slow metabolism.
You can spit poison.


Message History

You have got your breath back.
The adder closely misses you.
The adder smothers the flame.
The adder closely misses you.
Things that are here:
a +0 short sword; a hobgoblin skeleton You feel sick.
The adder barely misses you.
The kobold throws a poisoned dart.
The poisoned dart hits you!
You are more poisoned.
The adder bites you.
* * * LOW HITPOINT WARNING * * *
You see here a poisoned dart.
* * * LOW HITPOINT WARNING * * *
You feel sick. The adder bites you.
* * * LOW HITPOINT WARNING * * *
The adder bites you but does no damage.
It was a potion of haste.
You feel yourself speed up.
* * * LOW HITPOINT WARNING * * *
You feel sick. The adder bites you but does no damage.
The adder barely misses you. The adder bites you.
You die...

##...##...#*,,.** *,,,
*##.##.....#*,*** *,,,
******,#)#...S...#,*,* **,**
*,,,,,,#รท#...K...#,*,***,,,*
*,****,#.#.SK....#,#,,,,,,,,
*,* *##.##.....##.##***,,,*
*,* ##.)K##...##...##,,,,**
*,* #....S#####.....#***,*
*,* #....S@.........# *,**
*,* #.....##'##.....#***,,,
*,* ###...##...##...##,,,,,,
#,*##.#####)....#*###*******
#.##......).....#
#............####
**##....[..### ##.....######
#..........#


You could see 2 adders and a kobold.

Vanquished Creatures
  8 adders
  2 worms
  3 dart slugs
  4 leopard geckos
  2 orcs (D:3)
  3 ball pythons
  5 bats
  A giant cockroach (D:1)
  5 goblins
  7 hobgoblins
  3 jackals (D:1)
  15 kobolds
  12 frilled lizards
  6 rats
76 creatures vanquished.

Vanquished Creatures (others)
  48 foxfires
48 creatures vanquished.

Grand Total: 124 creatures vanquished

Notes
Turn   | Place    | Note
-------+----------+-------------------------------------------
     0 | D:1      | MisterFreud the Naga Fire Elementalist began the quest for
                  | the Orb.
     0 | D:1      | Reached XP level 1. HP: 15/15 MP: 3/3
   309 | D:1      | Reached XP level 2. HP: 16/22 MP: 1/5
   661 | D:1      | Reached XP level 3. HP: 24/28 MP: 3/6
  1020 | D:1      | Learned a level 3 spell: Conjure Flame
  1374 | D:2      | Reached XP level 4. HP: 16/36 MP: 2/7
  2371 | D:3      | Reached XP level 5. HP: 38/42 MP: 7/9
  2953 | D:3      | Learned a level 4 spell: Sticky Flame
  3009 | D:3      | HP: 2/42 [adder (4)]
  3010 | D:3      | Slain by an adder

Levels and vault maps discovered:
D:1:      onia_arrival_mini_spirals, layout_basic, minmay_lizard_pond
D:2:      minmay_chambers_of_twos, layout_rooms, first_ration
D:3:      minmay_octagon_keep, layout_loops_ring

Skill      XL: |  1  2  3 |
---------------+----------+-----
Conjurations   | 2 3 |  3.8
Dodging        | |  1.5
Stealth        | |  3.0
Spellcasting   | |  2.9
Fire Magic     | |  3.8

Action                   |  1- 3 |  4- 6 || total
-------------------------+-------+-------++-------
Melee: Unarmed           |     8 |       ||     8
       Short sword       |     6 |    56 ||    62
       Dagger            |       |    11 ||    11
 Fire: Hunting sling     |       |    74 ||    74
 Cast: Foxfire           |    28 |     2 ||    30
       Conjure Flame     |     1 |     3 ||     4
 Abil: Spit Poison       |    36 |    14 ||    50
  Use: Scroll            |       |     9 ||     9
       Potion            |       |     1 ||     1
 Stab: Sleeping          |       |     1 ||     1
  Eat: Chunk             |     3 |     5 ||     8
Armor: Robe              |    14 |    18 ||    32
Dodge: Dodged            |    36 |    86 ||   122

Table legend:
 A = Non-vault XP
 B = Vault XP
 C = Vault XP percentage of total XP
 D = Non-vault monster count
 E = Vault monster count
 F = Vault count percentage of total count
                 A         B        C        D         E       F
            +---------+---------+-------+---------+---------+-------
      Total |     184 |      48 |  20.7 |      55 |      21 |  27.6
            +---------+---------+-------+---------+---------+-------
        D:1 |      45 |       7 |  13.5 |      25 |       7 |  21.9
        D:2 |      87 |      14 |  13.9 |      22 |       7 |  24.1
        D:3 |      52 |      27 |  34.2 |       8 |       7 |  46.7
            +---------+---------+-------+---------+---------+-------
